 Dungeon Crawl Stone Soup version 0.23.2-1-ga50397a (webtiles) character file.

Game seed: 17350260133688794707

27 Borbor the Grasshopper (level 3, -1/30 HPs)
             Began as a Ghoul Warper on May 6, 2019.
             Slain by a worm (4 damage)
             ... on level 2 of the Dungeon.
             The game lasted 00:05:38 (976 turns).

Borbor the Grasshopper (Ghoul Warper)                Turns: 976, Time: 00:05:39

Health: -1/30      AC:  6    Str: 14    XL:     3   Next: 10%
Magic:  5/5        EV:  9    Int:  9    God:
Gold:   37         SH:  0    Dex:  8    Spells: 4/6 levels left

rFire    . . .     SeeInvis .     - Unarmed
rCold    + . .     Gourm    .   (no shield)
rNeg     + + +     Faith    .   b - +0 scale mail (curse)
rPois    ∞         Spirit   .   (no helmet)
rElec    .         Reflect  .   (no cloak)
rCorr    .         Harm     .   (no gloves)
MR       .....                  (no boots)
Stlth    ..........             (no amulet)
HPRegen  0.00/turn              (no ring)
MPRegen  0.09/turn              (no ring)

@: rotting
A: rotting body, claws 1, carnivore, cold resistance 1, negative energy
resistance 3, inhibited regeneration, torment resistance, unbreathing
a: no special abilities


You were on level 2 of the Dungeon.
You were not hungry.

You visited 1 branch of the dungeon, and saw 2 of its levels.

You collected 37 gold pieces.

Inventory:

Missiles
 d - 5 tomahawks of dispersal (quivered)
 e - 27 stones
Armour
 b - a cursed +0 scale mail (worn)
 k - a +0 ring mail
Scrolls
 c - 2 scrolls of blinking
 i - a scroll of identify {unknown}
 m - a scroll of remove curse {unknown}
Potions
 a - a potion of haste {unknown}
 h - a potion of heal wounds {unknown}
 j - a potion of agility {unknown}
 l - a potion of invisibility {unknown}
 n - a potion of cancellation {unknown}
 o - a potion of lignification {unknown}
Comestibles
 f - 2 rations
 g - 6 chunks of flesh


   Skills:
 + Level 2.5 Fighting
 - Level 0.8 Throwing
 + Level 1.3 Armour
 + Level 2.0 Dodging
 + Level 2.5 Unarmed Combat
 + Level 2.0 Spellcasting
 + Level 2.8 Translocations


You had 4 spell levels left.
You knew the following spells:

 Your Spells              Type           Power        Failure   Level  Hunger
a - Blink                 Tloc           N/A          56%         2    ###....

Your spell library contained the following spells:

 Spells                   Type           Power        Failure   Level  Hunger
 Shroud of Golubria       Chrm/Tloc      #.........   77%         2    ###....
 Gell's Gravitas          Tloc           #.........   80%         3    ####...
 Lesser Beckoning         Tloc           #.........   80%         3    ####...
 Teleport Other           Tloc           #.......     80%         3    ####...
 Passage of Golubria      Tloc           N/A          99%         4    #####..


Dungeon Overview and Level Annotations

Branches:
Dungeon (2/15)

Altars:


Innate Abilities, Weirdness & Mutations

Your body is rotting away.
You thrive on raw meat.
You are immune to poison.
You have sharp fingernails.
You are carnivorous and can eat meat at any time.
Your flesh is cold resistant. (rC+)
You are immune to negative energy. (rN+++)
You do not regenerate when monsters are visible.
You are immune to unholy pain and torment.
You can survive without breathing.


Message History

The worm is lightly wounded.
You claw the worm!
The worm is heavily wounded.
The worm bites you!
* * * LOW HITPOINT WARNING * * *
You scratch the worm.
The worm is heavily wounded.
You scratch the worm but do no damage.
The worm is heavily wounded.
The worm bites you.
* * * LOW HITPOINT WARNING * * *
You barely miss the worm.
The worm is heavily wounded.
The worm barely misses you.
You scratch the worm.
The worm is severely wounded.
Your scale mail prevents you from hitting the worm.
The worm is severely wounded.
The worm bites you.
You die...

#. ##.....## #.
##...## #.
#########'#### #.
#............#
###.##.###.##..##.#
#....#.###.##..##.###
#..#.##.........÷..
#............(÷.###
##@#.######...###
#w#.######..##
#.#........##
..########## ###


You could see a worm.

Vanquished Creatures
  An adder (D:2)
  2 bats (D:1)
  A giant cockroach (D:1)
  2 goblins
  5 hobgoblins (D:1)
  A frilled lizard (D:1)
  2 kobolds (D:1)
  4 rats (D:1)
18 creatures vanquished.

Notes
Turn   | Place    | Note
-------+----------+-------------------------------------------
     0 | D:1      | Borbor the Ghoul Warper began the quest for the Orb.
     0 | D:1      | Reached XP level 1. HP: 17/17 MP: 2/2
   136 | D:1      | Reached skill level 1 in Armour
   266 | D:1      | Reached XP level 2. HP: 25/25 MP: 3/3
   271 | D:1      | Learned a level 2 spell: Blink
   945 | D:2      | Reached XP level 3. HP: 26/30 MP: 3/5
   976 | D:2      | Slain by a worm

Skill      XL: |  1  2 |
---------------+-------+-----
Armour         | 1 |  1.3
Dodging        | 2 |  2.0
Spellcasting   | 2 |  2.0
Fighting       | |  2.5
Throwing       | |  0.8
Unarmed Combat | |  2.5
Translocations | |  2.8

Action                   || total
-------------------------++-------
Melee: Unarmed           ||    66
  Eat: Chunk             ||     5
Armor: Scale mail        ||    20
Dodge: Dodged            ||    39
